[Event "MČR 2022 blesk"]
[Site "Turnov, Czech Republic"]
[Date "2022.09.10"]
[Round "1.1"]
[White "Zvara, Petr"]
[Black "Plat, Vojtech"]
[Result "0-1"]
[TimeControl "2x 3 min + 2s/move"]
[WhiteElo "2347"]
[BlackElo "2484"]

1. Nf3 d6 2. c4 e5 3. b3 Nf6 4. Bb2 Be7 5. Nc3 O-O 6. e4 c6 7. Be2 Nbd7 8. O-O a5 9. d4 Re8 10. Re1 exd4 11. Nxd4 Bf8 12. Bf1 Nc5 13. Qc2 Qb6 14.
Rad1 a4 15. h3 axb3 16. axb3 Bd7 17. g3 g6 18. Bg2 Bg7 19. Kh2 h5 20. Ra1 Rxa1 21. Bxa1 h4 22. g4 Nxg4+ 23. hxg4 Bxd4 24. Nd5 cxd5 25. Bxd4 dxe4 26. Qc1 d5 27. Qh6 Qd6+ 28. Kh1 Re5 29. Qf4 Nd3 30. Bxe5 Nxe5 31. cxd5 f6 32. Ra1 g5 33. Qxe4 Kg7 34. Ra8 Nxg4 35. Kg1 Qh2+ 36.
Kf1 Bb5+ 37. Ke1 Qg1+ 38. Kd2 Qxf2+ 39. Kc3 Qe3+ 40. Qxe3 Nxe3 41. Be4 f5 42. Bd3 Bd7 43. Kd4 f4 44.
Rb8 Kf6 45. Rxb7 Bf5 46. Bxf5 Nxf5+ 47. Ke4 Nd6+ 48. Kd4 Ke5+ 0-1

[Event "MČR 2022 blesk"]
[Site "Turnov, Czech Republic"]
[Date "2022.09.10"]
[Round "1.2"]
[White "Cerveny, Martin"]
[Black "Dubansky, Bohuslav"]
[Result "1-0"]
[TimeControl "2x 3 min + 2s/move"]
[WhiteElo "2288"]
[BlackElo "2220"]

1. d4 d5 2. c4 e6 3. Nc3 c5 4.
cxd5 exd5 5. Nf3 Nc6 6. g3 Nf6 7. Bg2 Be7 8. O-O O-O 9. Bg5 cxd4 10. Nxd4 h6 11. Be3 Ne5 12. h3 Re8 13. Bf4 Ng6 14. Be3 Ne5 15. Bf4 Ng6 16. Bc1 a6 17. b3 Qa5 18. Bb2 Bd7 19.
a3 Rad8 20. b4 Qc7 21. Rc1 Qb8 22.
Na4 Ne4 23. e3 Ne5 24. Nb6 Bb5 25. Nxb5 axb5 26. Nxd5 Ng5 27. Nxe7+ Rxe7 28. Bxe5 Rxe5 29. Qg4 Ree8 30. Rc5 Qa7 31. Rxb5 Qxa3 32. Rxb7 Rd2 33. h4 Ne6 34. Qf5 Rf8 35. Bd5 Nd8 36. Rb8 Qb2 37. Qd7 Ne6 38.
Rxf8+ 1-0

[Event "MČR 2022 blesk"]
[Site "Turnov, Czech Republic"]
[Date "2022.09.10"]
[Round "1.3"]
[White "Micanek, Tomas"]
[Black "Balacek, Tadeas"]
[Result "0-1"]
[TimeControl "2x 3 min + 2s/move"]
[WhiteElo "2014"]
[BlackElo "2257"]

1. e4 e6 2. d4 d5 3. Nd2 c5 4. Ngf3 cxd4 5. exd5 Qxd5 6. Bd3 Nf6 7. Nb3 Nc6 8. Nbxd4 Nxd4 9. Nxd4 Qxg2 10. Rf1 Be7 11. Bf4 Bd7 12. Qe2 Nd5 13. Be5 Qg5 14. Nf3 Qh5 15. O-O-O f6 16.
Bg3 Rc8 17. Kb1 Qf7 18. Bb5 Bc6 19.
Rfe1 O-O 20. Qxe6 Qxe6 21. Rxe6 Bxb5 22. Rxd5 Bc4 23. Rxe7 Bxd5 24. Nd4 Rfe8 25. Nf5 Kf8 26. Rxe8+ Rxe8 27. Ne3 Be6 28. Bd6+ Kf7 29. f4 Rd8 30. f5 Rxd6 31. fxe6+ Rxe6 0-1

[Event "MČR 2022 blesk"]
[Site "Turnov, Czech Republic"]
[Date "2022.09.10"]
[Round "1.5"]
[White "Stocek, Jiri"]
[Black "Sabol, Marian"]
[Result "1/2-1/2"]
[TimeControl "2x 3 min + 2s/move"]
[WhiteElo "2384"]
[BlackElo "2213"]

1. d4 Nf6 2. Bg5 c5 3. d5 Qb6 4. Bxf6 gxf6 5. Qc1 f5 6. e3 Qg6 7. Ne2 e5 8. Nbc3 a6 9. g3 h5 10. h4 Bh6 11. a4 d6 12. Bh3 Nd7 13. a5 Nf6 14. Qd1 Bd7 15. Na4 Ng4 16. Nb6 Rd8 17. Nxd7 Rxd7 18. Bxg4 fxg4 19. Qd2 f5 20. b4 O-O 21. bxc5 dxc5 22. Rb1 f4 23. exf4 exf4 24. Rb6 Qe4 25. O-O Rxd5 26. Nc3 Rxd2 27. Nxe4 Re2 28. Nf6+ Kg7 29. Nxh5+ Kh7 30. Nf6+ Kh8 31. Nxg4 Bg7 32. Kg2 Rxc2 33. Rxb7 Ra2 34. h5 Rxa5 35. h6 Bd4 36.
gxf4 Rxf4 37. Kg3 Rf8 38. f3 Ra3 39. Rc7 a5 40. Kh4 Raxf3 41. Rxf3 Rxf3 42. Rc8+ Kh7 43. Kg5 Rf7 44. Ra8 Rc7 45. Rxa5 c4 46. Ra2 c3 47. Rc2 Bh8 1/2-1/2

[Event "MČR 2022 blesk"]
[Site "Turnov, Czech Republic"]
[Date "2022.09.10"]
[Round "1.6"]
[White "Ptacek, Lubos"]
[Black "Neuman, Petr"]
[Result "0-1"]
[TimeControl "2x 3 min + 2s/move"]
[WhiteElo "2078"]
[BlackElo "2352"]

1. e4 c5 2. Nf3 d6 3. d4 cxd4 4. Nxd4 Nf6 5. Nc3 Nc6 6. Be3 Ng4 7. Bb5 Nxe3 8. fxe3 Bd7 9. O-O e6 10. Qf3 Ne5 11. Qe2 Be7 12. Rad1 O-O 13. Bxd7 Qxd7 14. b3 a6 15. Na4 Qc7 16. c4 Rab8 17. Nf3 Bf6 18. Qc2 b5 19. Nb2 Rfc8 20. Nxe5 Bxe5 21. Rc1 Qb6 22. Nd1 bxc4 23. bxc4 Qa5 24. Rb1 Rxb1 25. Qxb1 g6 26. Qb7 Rc7 27. Qb3 Kg7 28. Nf2 Qc3 29. Qb6 Qxc4 30. Ng4 Bc3 31. a3 h5 32.
Nf2 Be5 33. Nh3 Qc6 34. Qb1 Rb7 35. Qd3 Qb5 36. Qd2 Qc4 37. Nf4 Qxe4 38. Qf2 d5 39. h3 d4 40. Qe2 Qxe3+ 0-1

[Event "MČR 2022 blesk"]
[Site "Turnov, Czech Republic"]
[Date "2022.09.10"]
[Round "1.7"]
[White "Petr, Martin"]
[Black "Dosedel, Jiri"]
[Result "1-0"]
[TimeControl "2x 3 min + 2s/move"]
[WhiteElo "2446"]
[BlackElo "2017"]

1. e4 d6 2. f4 e5 3. Nf3 exf4 4.
Nc3 g5 5. d4 Bg7 6. g3 g4 7. Nh4 f3 8. Be3 Ne7 9. Qd2 Nbc6 10. O-O-O d5 11. h3 h5 12. Bd3 Nb4 13. Kb1 Nxd3 14. Qxd3 Be6 15. Bg5 Qd7 16. Bxe7 dxe4 17.
Qxe4 Qxe7 18. Qxb7 O-O 19. hxg4 hxg4 20. Qe4 f5 21. Qf4 Rab8 22. b3 c5 23.
Ng6 Qf6 24. Nxf8 Rxf8 25. Nb5 a6 26. Nc7 Bf7 27. c3 cxd4 28. cxd4 Qc6 29. Rc1 Qe4+ 30. Qxe4 fxe4 31. d5 e3 32. d6 e2 33. a4 Bxb3 34. d7 Rd8 35. Nxa6 1-0

[Event "MČR 2022 blesk"]
[Site "Turnov, Czech Republic"]
[Date "2022.09.10"]
[Round "2.1"]
[White "Plat, Vojtech"]
[Black "Novotny, Michal"]
[Result "1-0"]
[TimeControl "2x 3 min + 2s/move"]
[WhiteElo "2484"]
[BlackElo "2294"]

1. d4 d5 2. c4 c6 3. Nc3 Nf6 4. cxd5 cxd5 5. Bf4 Nc6 6.
e3 a6 7. Rc1 Bf5 8. Qb3 Na5 9.
Qa4+ Nc6 10. Nf3 Rc8 11. Ne5 Bd7 12. Nxd7 Qxd7 13. Be2 e6 14. O-O Bd6 15. Bg5 O-O 16. Bxf6 gxf6 17. f4 f5 18. Qd1 Kh8 19. a3 Rg8 20. Bd3 Rg4 21. g3 Rcg8 22. Kh1 Qd8 23. Qf3 Nb8 24. Rg1 Nd7 25.
Nxd5 exd5 26. Qxd5 Qe7 27. Qxf5 R4g7 28. e4 Bb8 29. e5 Ba7 30. Be4 Nf8 31. Rgd1 Ne6 32.
d5 Nd4 33. Qh5 f5 34. Bg2 Rf8 35. Rc4 Rgf7 36. Rcxd4 Bxd4 37. Rxd4 Qc5 38. Qd1 Rc8 39. d6 Rg7 40. e6 1-0

[Event "MČR 2022 blesk"]
[Site "Turnov, Czech Republic"]
[Date "2022.09.10"]
[Round "2.2"]
[White "Nagy, Ladislav"]
[Black "Cerveny, Martin"]
[Result "1/2-1/2"]
[TimeControl "2x 3 min + 2s/move"]
[WhiteElo "2189"]
[BlackElo "2288"]

1. e4 c5 2. Nf3 d6 3. d4 cxd4 4. Qxd4 Nc6 5. Bb5 Bd7 6. Bxc6 Bxc6 7. Nc3 h6 8. Qd3 Nf6 9. Be3 e5 10. O-O-O Be7 11. Rhg1 Qa5 12. Kb1 Rc8 13. g4 Bd7 14. g5 hxg5 15. Bxg5 Rxc3 16. bxc3 Be6 17. c4 b5 18. Bd2 Qa6 19.
Qc3 Bxc4 20. Qa5 Qxa5 21. Bxa5 Be2 22. Rd3 Bxd3 23. cxd3 Rh3 24. Rg3 Rxg3 25. fxg3 Nd7 26. Bb4 Nb8 27. Kc2 Nc6 28. Bc3 Kd7 29. Kb3 a5 30. a4 b4 31. Be1 Nd8 32. Bf2 Kc6 33. Kc4 Ne6 34. Be3 f6 35. Bf2 Bd8 36. Be3 Bc7 37.
h4 Nf8 38. g4 Nd7 39. g5 fxg5 40. Nxg5 Bb6 41.
Bxb6 Nxb6+ 42. Kb3 Kd7 43. Nh3 Ke6 44. Nf2 d5 45. exd5+ Kxd5 46. Ne4 Kd4 47.
Nd6 Kxd3 48. Nb7 Nc4 49. Nc5 Kd4 50. Ne6+ Kd5 51. Nc7+ Kc6 52. Ne8 Nd2+ 53. Kc2 Nf3 54. h5 Nd4+ 55. Kb2 Nf5 56. Nxg7 Nh6 57. Ne6 Kd6 58.
Ng5 Kd5 59. Kc2 e4 60. Nh3 Kd4 61. Nf4 e3 62. Ne2+ Kc4 63. Nf4 b3+ 64. Kb2 Kb4 65.
Ne2 Kxa4 66. Nd4 Kb4 67. Nxb3 e2 68. Nc1 e1=N 69. Ne2 a4 70. Nd4 Nd3+ 71. Ka2 Ng4 72. Nc2+ Kb5 73. Nd4+ Ka5 74. Ka3 Nde5 75. Ne2 Nc4+ 76. Ka2 Kb4 77. Nc1 Nd6 78. Nd3+ Kb5 79. Nb2 Nh6 80. Nxa4 Kxa4 81. Kb2 Kb4 82. Kc2 Kc4 83. Kd2 Ndf5 84. Ke2 Kd4 85. Kf3 Ke5 86.
Ke2 Ke4 87. Kd2 Ne3 88. Kc3 Nhf5 89. Kd2 Kd4 90. Ke2 Ke4 91. Kd2 Nh6
92. Kc3 Nef5 93. Kc4 Ke5 94. Kc5 Nd6 95. Kc6 Ke6 96. Kc5 Ndf5 97. Kc4 Kd6 98. Kc3 Kc5 99. Kd3 Kd5 100. Kc3 Nd6 101. Kd3 Nc4 102. Kc3 Ne5 103. Kb4 Kd4 104. Kb5 Nc4 105. Kb4 Nd6 106. Kb3 Nhf5 107. Kb4 Kd5 108. h6 Nxh6 1/2-1/2

[Event "MČR 2022 blesk"]
[Site "Turnov, Czech Republic"]
[Date "2022.09.10"]
[Round "2.3"]
[White "Balacek, Tadeas"]
[Black "Vybiral, Zdenek"]
[Result "0-1"]
[TimeControl "2x 3 min + 2s/move"]
[WhiteElo "2257"]
[BlackElo "2162"]

1. d4 Nf6 2. c4 g6 3. Nc3 Bg7 4. Nf3 O-O 5. Bg5 c5 6.
d5 h6 7. Bh4 Qa5 8. Nd2 e6 9. e3 d6 10. Be2 a6 11. a4 e5 12. O-O Nbd7 13. e4 Qc7 14. Qc2 b6 15. a5 bxa5 16. Nb3 Nh7 17. Nxa5 f5 18. f3 Bf6 19. Bf2 Bg5 20. Nc6 Nb8 21. Na5 Nd7 22. Kh1 Rb8 23. Nc6 Rb6 24. b4 Bb7 25. bxc5 Nxc5 26. Na5 Bc8 27. Na4 Rb4 28. Nxc5 dxc5 29. Nb3 Be7 30. Rab1 Ng5 31. Nd2 a5 32. Ra1 Bd7 33. Bd3 a4 34. Qc3 Bd6 35. Rfb1 Rfb8 36. h4 Nf7 37. Be3 f4 38. Bf2 R8b7 39. Kg1 Qb8 40. Kf1 Rxb1+ 41. Rxb1 Rxb1+ 42. Bxb1 Qb4 43.
Qxb4 cxb4 44. c5 Bb8 45. c6 Bc8 46. Nc4 Nd6 47. Nxe5 Nxe4 48. Nd7 Nd2+ 49. Ke2 Nxb1 50. Nxb8 Nc3+ 51. Kd3 Nxd5 52. Kc4 b3 53. Bd4 Ne3+ 54. Kc3 Nxg2 55. Nd7 Nxh4 56. Nb6 Ba6 57. c7 Nxf3 58.
Bf6 g5 59. Kb4 Nd2 60. Ka5 Bb7 61.
Nd5 Nc4+ 62. Kb5 Nd6+ 63. Kb6 Bc8 64. Ne7+ Kf7 65. Nxc8 Nxc8+ 66. Kb7 Nd6+ 67. Kc6 Nc8 68. Bb2 f3 69.
Kb7 Nd6+ 70. Kc6 Ke6 71. Ba3 Nc8 0-1

[Event "MČR 2022 blesk"]
[Site "Turnov, Czech Republic"]
[Date "2022.09.10"]
[Round "2.5"]
[White "Civin, Tomas"]
[Black "Stocek, Jiri"]
[Result "0-1"]
[TimeControl "2x 3 min + 2s/move"]
[WhiteElo "2394"]
[BlackElo "2384"]

1. e4 c5 2. d4 cxd4 3. c3 e5 4. Nf3 Nc6 5. cxd4 exd4 6. Nxd4 Nf6 7. Nc3 Bb4 8. Nxc6 bxc6 9. Bd3 d5 10. Qa4 Bxc3+ 11. bxc3 O-O 12. e5 Nd7 13. f4 Nc5 14. Qd1 Nxd3+ 15. Qxd3 a5 16. Be3 Ba6 17.
Qd4 Qh4+ 18. g3 Qg4 19. Qd2 Qf3 20. Rg1 Rab8 21. Bc5 Rfd8 22. Qe3 Qh5 23. e6 Rb2 24. g4 Qh4+ 25. Qg3 Qf6 26. exf7+ Qxf7 27. O-O-O Rdb8 28. Ba3 Rxa2 29. c4 Qf6 0-1

[Event "MČR 2022 blesk"]
[Site "Turnov, Czech Republic"]
[Date "2022.09.10"]
[Round "2.6"]
[White "Petr, Martin"]
[Black "Trepka, Jan"]
[Result "1-0"]
[TimeControl "2x 3 min + 2s/move"]
[WhiteElo "2446"]
[BlackElo "2127"]

1. e4 c6 2. d4 d5 3. exd5 cxd5 4. c4 Nf6 5. Nc3 g6 6. cxd5 Bg7 7. Bc4 O-O 8. Nge2 Nbd7 9. Bb3 Nb6 10. Nf4 Bf5 11.
O-O Be4 12. Nxe4 Nxe4 13. Qf3 Nf6 14. Bd2 a5 15. a4 1-0

[Event "MČR 2022 blesk"]
[Site "Turnov, Czech Republic"]
[Date "2022.09.10"]
[Round "2.7"]
[White "Borkovec, Milan"]
[Black "Klement, Lukas"]
[Result "1/2-1/2"]
[TimeControl "2x 3 min + 2s/move"]
[WhiteElo "1959"]
[BlackElo "2256"]

1. e4 c5 2. Nf3 d6 3. d4 cxd4 4.
Nxd4 Nf6 5. Nc3 a6 6. Bg5 e6 7. f4 h6 8. Bh4 Be7 9. Qf3 Nbd7 10. O-O-O Qc7 11. Kb1 g5 12. fxg5 Ne5 13. Qe2 Nfg4 14. h3 hxg5 15. Bg3 b5 16.
a3 Bb7 17. Nf3 Nc4 18. Rd3 O-O-O 19. Qe1 Nge5 20. Nxe5 Nxe5 21. Rd1 Kb8 22. Be2 Nc4 23. Rd3 Rc8 24. Rf1 Rhf8 25.
Bd1 Ka8 26. Bf3 Qa5 27. e5 d5 28. Na2 Qxe1+ 29. Rxe1 Bc5 30. c3 Bc6 31. Nb4 Bxb4 32. axb4 Kb7 33. Kc2 f5 34. exf6 Rxf6 35. b3 Nb6 36. Be5 Rff8 37. Bd4 Bd7 38. Bg4 Rce8 39. Rde3 Nc8 40. Bxe6 Rf2+ 41. Kd3 Rxe6 42. Rxe6 Rxg2 43.
R6e2 Bxh3 44. Rxg2 Bxg2 45. c4 bxc4+ 46. bxc4 Be4+ 47. Kc3 Nd6 48. Bc5 Nxc4 49. Rxe4 dxe4 50. Kxc4 Kc6 51. Be3 g4 52. Kb3 Kb5 53. Bf2 a5 54. bxa5 Kxa5 55. Kc4 1/2-1/2

[Event "MČR 2022 blesk"]
[Site "Turnov, Czech Republic"]
[Date "2022.09.10"]
[Round "3.1"]
[White "Stocek, Jiri"]
[Black "Cech, Pavel"]
[Result "1-0"]
[TimeControl "2x 3 min + 2s/move"]
[WhiteElo "2384"]
[BlackElo "2369"]

1. e4 Nf6 2. e5 Ne4 3. d3 Nc5 4. d4 Ne6 5. d5 Nc5 6. Nf3 d6 7. Be3 e6 8. Nc3 exd5 9.
Bxc5 dxc5 10. Qxd5 Nc6 11. O-O-O Be6 12.
Qe4 Qc8 13. Bb5 Rb8 14. Bxc6+ bxc6 15. Qxc6+ Bd7 16. Qe4 Be7 17. Nd5 Bd8 18. e6 Bxe6 19. Nf4 O-O 20. Nxe6 fxe6 21.
Rhe1 Bf6 22. c3 Rb6 23. Qc4 Kh8 24. Rd2 Re8 25. Ne5 h6 26. Nd7 Rd6 27. Nxf6 gxf6 28. Rde2 Qd7 29. Qxc5 Rg8 30. Qh5 Kh7 31. g3 Rg5 32. Qf3 Rf5 33. Qxf5+ exf5 34. Re7+ Kg6 35. Rxd7 Rxd7 36. Kc2 f4 37.
Re4 fxg3 38. hxg3 Kg5 39. Ra4 c6 40. Rc4 Rd6 41. a4 f5 42. a5 Rd5 43. b4 Re5 44. Kd2 Re6 45. Rd4 h5 46.
Rd7 a6 47. Rg7+ Kf6 48. Ra7 c5 49. bxc5 Rc6 50. Kd3 Ke5 51. Kc4 Ke4 52. Rh7 Kf3 53. Rxh5 Kxf2 54. Rxf5+ Kxg3 55. Kd5 1-0

[Event "MČR 2022 blesk"]
[Site "Turnov, Czech Republic"]
[Date "2022.09.10"]
[Round "3.2"]
[White "Sodoma, Jan"]
[Black "Neuman, Petr"]
[Result "0-1"]
[TimeControl "2x 3 min + 2s/move"]
[WhiteElo "2220"]
[BlackElo "2352"]

1. d4 d5 2. Nf3 Nf6 3. c4 c6 4. e3 Bf5 5. Nc3 a6 6. Nh4 Bg4 7. Qc2 e6 8. h3 Bh5 9. g4 Bg6 10. Nxg6 hxg6 11. g5 Nfd7 12. f4 dxc4 13. Bxc4 b5 14. Be2 c5 15. Bf3 Ra7 16. d5 e5 17. f5 Qxg5 18. fxg6 f5 19. Qf2 e4 20. Bg2 Bd6 21. Kd1 Ne5 22. Bd2 Nbd7 23. Kc2 Nd3 24. Qe2 N7e5 25. a3 Nc4 26. Bxe4 Ndxb2 27. Bf3 Qf6 28. e4 Be5 29.
exf5 Re7 30. Qg2 Nxd2 31. Qxd2 Nc4 32. Qd3 Bxc3 33. Qxc3 Qxc3+ 34.
Kxc3 Re3+ 35. Kc2 Rxf3 36. Rae1+ Kd7 0-1

[Event "MČR 2022 blesk"]
[Site "Turnov, Czech Republic"]
[Date "2022.09.10"]
[Round "3.3"]
[White "Petr, Martin"]
[Black "Sykora, Marek"]
[Result "1-0"]
[TimeControl "2x 3 min + 2s/move"]
[WhiteElo "2446"]
[BlackElo "2084"]

1. e4 e5 2. f4 exf4 3. Nf3 h6 4. Nc3 d6 5. d4 g5 6. g3 fxg3 7. hxg3 Bg7 8. Be3 Bg4 9. Bg2 Nc6 10. Qd2 Nf6 11. O-O-O Qd7 12. e5 dxe5 13. d5 Bxf3 14. Bxf3 Ne7 15. Bc5 O-O 16. Be3 Nf5 17. Bxg5 hxg5 18. Qxg5 Nh7 19. Qg4 Nf6 20. Qg5 Rfe8 21.
Ne4 Nh7 22. Qg4 Rf8 23. Rxh7 Kxh7 24.
Rh1+ Bh6+ 25. Rxh6+ 1-0

[Event "MČR 2022 blesk"]
[Site "Turnov, Czech Republic"]
[Date "2022.09.10"]
[Round "3.4"]
[White "Marsalek, Zdenek"]
[Black "Klement, Lukas"]
[Result "1-0"]
[TimeControl "2x 3 min + 2s/move"]
[WhiteElo "2203"]
[BlackElo "2256"]

1. d4 Nf6 2. Nf3 e6 3. g3 b5 4. e4 Nxe4 5. Bxb5 Bb7 6. O-O Be7 7. Re1 O-O 8. Bd3 f5 9. c4 c5 10. Nc3 cxd4 11.
Nxe4 fxe4 12. Bxe4 Bxe4 13. Rxe4 Nc6 14. Nxd4 Qb6 15.
Be3 Bf6 16. Nxe6 Qxb2 17. Rb1 Qxa2 18. Nxf8 Rxf8 19. Qd5+ Kh8 20. Rd1 Qc2 21. Qd3 Qa4 22. c5 Qa5 23. Qd5 Qb5 24. Rc1 Qe2 25. Qd1 Qb5 26. Qxd7 Qa6 27. Re6 Rc8 1-0

[Event "MČR 2022 blesk"]
[Site "Turnov, Czech Republic"]
[Date "2022.09.10"]
[Round "3.5"]
[White "Polak, Tomas"]
[Black "Vykouk, Jan"]
[Result "1-0"]
[TimeControl "2x 3 min + 2s/move"]
[WhiteElo "2475"]
[BlackElo "2352"]

1. Nf3 Nf6 2. c4 d6 3. d4 g6 4. Nc3 Bg7 5. e4 O-O 6.
Be2 Nbd7 7. O-O e5 8. Re1 Re8 9.
Bf1 b6 10. d5 a5 11. Rb1 Nc5 12. b3 Nh5 13. a3 Bf8 14. b4 Nb7 15. g3 Ng7 16.
Nb5 Bd7 17. Qc2 Be7 18. Be3 f5 19. Bg2 fxe4 20. Nd2 Nf5 21. Nxe4 Nxe3 22. Rxe3 Rf8 23. Rf1 Qc8 24. Qe2 c6 25. dxc6 Bxc6 26. Nbc3 axb4 27. axb4 Nd8 28. Nd5 Qb7 29. Qg4 Rf7 30. Rd1 Bxd5 31. cxd5 Qc8 32. Qe2 Bf8 33.
h4 Rc7 34. h5 Rc1 35. Kh2 Raa1 36. Rxc1 Rxc1 37. Bh3 Qc2 38. Qg4 Qc7 39. hxg6 h6 40. Nf6+ Kh8 41. Rf3 Bg7 42. Nh5 Rc2 43. Qh4 Rd2 1-0

[Event "MČR 2022 blesk"]
[Site "Turnov, Czech Republic"]
[Date "2022.09.10"]
[Round "3.6"]
[White "Kraus, Tomas"]
[Black "Roubalik, Jakub"]
[Result "1/2-1/2"]
[TimeControl "2x 3 min + 2s/move"]
[WhiteElo "2389"]
[BlackElo "2276"]

1. d4 d5 2. c4 e6 3. Nc3 Be7 4. cxd5 exd5 5. Bf4 c6 6. e3 Bf5 7. Bd3 Bxd3 8. Qxd3 Nf6 9. Nf3 Nbd7 10. h3 Nf8 11. O-O Ng6 12. Bh2 O-O 13. Rab1 Re8 14. b4 a6 15. a4 Bd6 16. Bxd6 Qxd6 17. Nd2 Qe6 18. b5 axb5 19. axb5 Ra3 20. Rb3 Rxb3 21. Nxb3 Ne4 22. bxc6 bxc6 23. Nxe4 dxe4 24. Qc2 Nh4 25. Rc1 Qg6 26. g3 Nf3+ 27. Kg2 Nh4+ 28. Kh2 Nf3+ 29. Kg2 Nh4+ 30. Kh2 Nf3+ 1/2-1/2

[Event "MČR 2022 blesk"]
[Site "Turnov, Czech Republic"]
[Date "2022.09.10"]
[Round "3.7"]
[White "Nemec, Jachym"]
[Black "Finek, Vaclav"]
[Result "1-0"]
[TimeControl "2x 3 min + 2s/move"]
[WhiteElo "2130"]
[BlackElo "2101"]

1. c4 e5 2. Nc3 Nf6 3. Nf3 Nc6 4. e4 Bc5 5. Nxe5 Nxe5 6. d4 Bxd4 7. Qxd4 d6 8. Be2 O-O 9. Bg5 h6 10. Bh4 Be6 11. O-O c5 12. Qd1 Nxc4 13. b3 Ne5 14.
f4 Ng6 15. Bg3 d5 16. f5 d4 17.
Na4 Nxe4 1-0

[Event "MČR 2022 blesk"]
[Site "Turnov, Czech Republic"]
[Date "2022.09.10"]
[Round "3.8"]
[White "Simacek, Pavel"]
[Black "Pisk, Petr"]
[Result "0-1"]
[TimeControl "2x 3 min + 2s/move"]
[WhiteElo "2365"]
[BlackElo "2312"]

1. e4 c5 2. Nf3 Nc6 3. Nc3 d6 4. Bb5 Bd7 5. O-O e6 6.
d4 cxd4 7. Nxd4 Nf6 8. Be3 Be7 9. Re1 O-O 10. h3 a6 11. Nxc6 Bxc6 12. Bxc6 bxc6 13. Qd3 d5 14. Rad1 dxe4 15. Qc4 Qa5 16. a3 Rab8 17. Bc1 h6 18. Nxe4 Nxe4 19. Qxe4 Bf6 20. c3 Qb5 21. Rd6 c5 22. Red1 Rbc8 23. a4 Qb3 0-1

[Event "MČR 2022 blesk"]
[Site "Turnov, Czech Republic"]
[Date "2022.09.10"]
[Round "4.1"]
[White "Polak, Tomas"]
[Black "Stocek, Jiri"]
[Result "1-0"]
[TimeControl "2x 3 min + 2s/move"]
[WhiteElo "2475"]
[BlackElo "2384"]

1. Nf3 d6 2. d4 Nf6 3. c4 Nbd7 4. Nc3 e5 5. e4 Be7 6. Be2 O-O 7. O-O a6 8. Qc2 exd4 9. Nxd4 Re8 10. Re1 Bf8 11. Bf1 h6 12. Bf4 Ne5 13. Rad1 Ng6 14. Bc1 Bg4 15. f3 Bd7 16. Be3 c6 17. Bf2 Qc7 18. a3 Rac8 19. b4 b5 20. Nb3 c5 21.
bxc5 dxc5 22. cxb5 c4 23. Nd4 Qa5 24. bxa6 Qxa6 25. a4 Bb4 26. Rc1 Ne5 27. Ndb5 Nh5 28. Be3 Bc5 29. Bxc5 Rxc5 30. Qf2 Rcc8 31. Red1 Bxb5 32. axb5 Qa5 33. Qe3 Red8 34. b6 Rxd1 35. Rxd1 Nf6 36. Nd5 Nxd5 37. Rxd5 Qb4 38. Rxe5 c3 39.
Rb5 1-0

[Event "MČR 2022 blesk"]
[Site "Turnov, Czech Republic"]
[Date "2022.09.10"]
[Round "4.2"]
[White "Neuman, Petr"]
[Black "Roubalik, Jakub"]
[Result "1-0"]
[TimeControl "2x 3 min + 2s/move"]
[WhiteElo "2352"]
[BlackElo "2276"]

1. e4 c5 2. Nf3 Nc6 3. Bb5 e6 4. O-O Nge7 5. c3 a6 6.
Ba4 b5 7. Bc2 Bb7 8. a4 d5 9. Qe2 Qb6 10. axb5 axb5 11. Rxa8+ Bxa8 12. d3 g6 13. Bg5 Bg7 14. e5 Nxe5 15.
Nxe5 f6 16. Bf4 fxe5 17. Bxe5 O-O 18. Bxg7 Kxg7 19. Nd2 Nf5 20. Nf3 b4 21. Ng5 Re8 22. Qe5+ Kg8 23. Re1 Ng7 24. h4 bxc3 25. bxc3 Bb7 1-0

[Event "MČR 2022 blesk"]
[Site "Turnov, Czech Republic"]
[Date "2022.09.10"]
[Round "4.3"]
[White "Nemec, Jachym"]
[Black "Petr, Martin"]
[Result "1/2-1/2"]
[TimeControl "2x 3 min + 2s/move"]
[WhiteElo "2130"]
[BlackElo "2446"]

1. d4 d5 2. c4 e6 3. Nc3 Be7 4. Nf3 Nf6 5. Bf4 O-O 6. e3 Nbd7 7. cxd5 exd5 8. Bd3 c6 9. O-O Re8 10. Rc1 Nf8 11. a3 a5 12. Qc2 Ne6 13. Bg3 g6 14. Rb1 Ng7 15. b4 axb4 16. axb4 Bf5 17. b5 Bxd3 18. Qxd3 Ra3 19. Nd2 Bd6 20. bxc6 bxc6 21. Rb3 Rxb3 22. Nxb3 Bxg3 23. hxg3 Ng4 24. Nd2 Qg5 25. Nf3 Qh5 26. Ne2 Ne6 27. Nf4 Qh6 28. Rc1 Ng5 29.
Nh3 Nxf3+ 30. gxf3 Qxh3 31. fxg4 Qxg4 32. Rxc6 h5 33. Rc2 Rb8 34. Kg2 h4 35. Qe2 Qxe2 36. Rxe2 hxg3 1/2-1/2

[Event "MČR 2022 blesk"]
[Site "Turnov, Czech Republic"]
[Date "2022.09.10"]
[Round "4.4"]
[White "Klement, Lukas"]
[Black "Pisk, Petr"]
[Result "1/2-1/2"]
[TimeControl "2x 3 min + 2s/move"]
[WhiteElo "2256"]
[BlackElo "2312"]

1. d4 d5 2. Nf3 e6 3. c4 c5 4. cxd5 exd5 5. Nc3 Nc6 6.
dxc5 d4 7. Nb1 Bxc5 8. g3 Nf6 9.
Bg2 O-O 10. O-O h6 11. Nbd2 Re8 12. Nb3 Bb6 13. Bd2 Be6 14. Rc1 Qd7 15. Re1 Bh3 16.
a3 Bxg2 17. Kxg2 Rad8 18. Nc5 Bxc5 19. Rxc5 Ne4 20. Rc1 Qd5 21. b4 Re6 22. Qc2 Ne5 23. Nxe5 Nxd2+ 24. Kg1 Nb3 25. e4 dxe3 26. Rcd1 exf2+ 27. Qxf2 Qxd1 28. Qxf7+ Kh7 29. Qf5+ Kh8 30. Nf7+ Kg8 31. Qxe6 Qd4+ 32. Kh1 Qd5+ 33. Qxd5 Rxd5 34. Ne5 Nd4 35.
Nc4 Nc6 36. Re3 Rd4 37. Ne5 Nxe5 38. Rxe5 Rd3 39. Re7 Rxa3 40. Rxb7 a5 41. bxa5 1/2-1/2

[Event "MČR 2022 blesk"]
[Site "Turnov, Czech Republic"]
[Date "2022.09.10"]
[Round "4.5"]
[White "Plat, Vojtech"]
[Black "Dolezal, Radoslav"]
[Result "1/2-1/2"]
[TimeControl "2x 3 min + 2s/move"]
[WhiteElo "2484"]
[BlackElo "2347"]

1. e4 e5 2. Nf3 Nc6 3. d4 exd4 4. Nxd4 Nf6 5. Nxc6 bxc6 6. e5 Qe7 7. Qe2 Nd5 8. c4 Ba6 9. b3 g6 10. g3 Bg7 11. Bb2 O-O 12. Bg2 Rae8 13. O-O f6 14. Qd2 Nb6 15. Qa5 Bxc4 16. Ba3 Qf7 17. Re1 fxe5 18. Bxf8 Rxf8 19. bxc4 Qxf2+ 20. Kh1 Nxc4 21. Qc3 d5 22. Rf1 Qe2 23. Na3 Ne3 24. Rxf8+ Bxf8 25. Rg1 Bxa3 26. Qxc6 e4 27. Qe6+ Kg7 28. Qe5+ Kg8 29. Qe6+ Kg7 30. Qe5+ 1/2-1/2

[Event "MČR 2022 blesk"]
[Site "Turnov, Czech Republic"]
[Date "2022.09.10"]
[Round "4.6"]
[White "Postupa, Pavel"]
[Black "Cerveny, Martin"]
[Result "0-1"]
[TimeControl "2x 3 min + 2s/move"]
[WhiteElo "2223"]
[BlackElo "2288"]

1. e4 c5 2. Nf3 d6 3. d4 cxd4 4. Nxd4 Nf6 5. Nc3 a6 6. g3 e5 7. Nb3 Nbd7 8. Bg2 b5 9.
a4 b4 10. Nd5 a5 11. O-O Bb7 12. Bd2 Nxd5 13. exd5 Be7 14.
c3 bxc3 15. Bxc3 Qb6 16. Ra3 O-O 17.
Qd2 Bd8 18. Kh1 Qa7 19. f4 Bb6 20. fxe5 Nxe5 21. Nd4 Nc4 22. Qf4 Nxa3 23. bxa3 Rac8 24. Nb5 Qb8 25.
Bxg7 Kxg7 26. Qg5+ Kh8 27. Qf6+ Kg8 28. Rf4 Rc1+ 29. Bf1 Rxf1+ 30. Rxf1 Bxd5+ 31. Rf3 Bxf3+ 32. Qxf3 Qa8 33.
Kg1 0-1

[Event "MČR 2022 blesk"]
[Site "Turnov, Czech Republic"]
[Date "2022.09.10"]
[Round "4.7"]
[White "Balacek, Tadeas"]
[Black "Sindler, Michal"]
[Result "1-0"]
[TimeControl "2x 3 min + 2s/move"]
[WhiteElo "2257"]
[BlackElo "2188"]

1. d4 Nf6 2. Nf3 g6 3. c4 Bg7 4. Nc3 O-O 5. Bg5 d6 6.
e3 Nbd7 7. Be2 e5 8. h3 Re8 9. O-O h6 10. Bh4 c6 11. Qc2 Nf8 12. Rfd1 Qe7 13. Bg3 Bf5 14. Qc1 Ne4 15. Nxe4 Bxe4 16. Qd2 Bxf3 17. Bxf3 e4 18. Be2 Nh7 19. b4 c5 20. bxc5 dxc5 21. Rab1 cxd4 22. exd4 b6 23. Rbc1 Bf6 24. Bf4 Rad8 25.
Qe3 Bg7 26. c5 g5 27. Bd6 Qe6 28.
Bc4 1-0

[Event "MČR 2022 blesk"]
[Site "Turnov, Czech Republic"]
[Date "2022.09.10"]
[Round "5.1"]
[White "Stocek, Jiri"]
[Black "Plat, Vojtech"]
[Result "1/2-1/2"]
[TimeControl "2x 3 min + 2s/move"]
[WhiteElo "2384"]
[BlackElo "2484"]

1. e4 d6 2. d4 Nf6 3. f3 e5 4. d5 c6 5. c4 Nbd7 6. Be3 Be7 7. Nc3 O-O 8. Qd2 a5 9. Bd3 cxd5 10.
cxd5 b6 11. Nge2 Nc5 12. Bb5 Bd7 13. O-O Bxb5 14. Nxb5 Qd7 15. Nec3 Nh5 16. Rad1 f5 17. exf5 Qxf5 18. Bxc5 bxc5 19. Nc7 Rab8 20. Ne6 Rf7 21.
Ne4 a4 22. Rf2 h6 23. Qa5 Nf6 24. Nxf6+ Bxf6 25. Qxa4 Rfb7 26. b3 Qg6 27. Qe4 Qe8 28. Rc2 Ra7 29. Rdd2 Qb5 30. Qc4 Qa5 31. Qd3 Qb6 32. Kh1 Qb4 33. g3 Rba8 34. Kg2 Ra3 35. Qc4 Qa5 36. Qe2 Qa7 37. h4 Qf7 38. Qe4 Bd8 39. Re2 1/2-1/2

[Event "MČR 2022 blesk"]
[Site "Turnov, Czech Republic"]
[Date "2022.09.10"]
[Round "5.2"]
[White "Cerveny, Martin"]
[Black "Neuman, Petr"]
[Result "1/2-1/2"]
[TimeControl "2x 3 min + 2s/move"]
[WhiteElo "2288"]
[BlackElo "2352"]

1. d4 d5 2. c4 c6 3. Nf3 Nf6 4. Nc3 a6 5. e3 Bf5 6. Bd3 Bxd3 7. Qxd3 e6 8. O-O Bb4 9. Bd2 a5 10. a4 O-O 11. Rac1 Nbd7 12. Rfd1 Qe7 13. h3 Rfd8 14. b3 Rac8 15. Re1 Ra8 16. Nb1 Ne4 17. Bxb4 Qxb4 18. Nfd2 Ndf6 19. f3 Nxd2 20. Nxd2 c5 21. cxd5 Rxd5 22. Rc4 Qb6 23.
Ne4 1/2-1/2